cohdb
Replays
Latest Replays
All Replays
Popular Replays
Top Player Replays
Match Explorer
How It Works
Community
CoH3 Stats
Reddit
Sign in to upload your games and track your stats! →
Sign in with Steam
Match 41488484
Unlisted
Match 41488484
Overview
Messages
Build Orders
End
Vickers Machine Gun Team
Construct Section Command Post
Dingo Light Scout Car
Infantry Section
Infantry Section
Construct Platoon Command Post
Humber Armored Car
6-pounder Anti-tank Gun Team
Infantry Section
Selects Air and Sea Battlegroup
Selects Supply Surplus
Construct Field Infirmary
Selects Commando Section Paradrop
Selects M1 Pack Howitzer Paradrop
Construct Company Command Post
Royal Engineer Section
Matilda II Heavy Tank
Construct Resource Cache
Matilda II Heavy Tank
Armored Vehicle Training
Selects Anti-tank Rocket Loiter
Anti-tank Rocket Loiter
Unlock M3 Grant Medium Tanks
Selects UNKNOWN (223837)
M3 Grant Medium Tank
Construct Resource Cache
Grenade Package
Royal Engineer Section
Anti-tank Rocket Loiter
Haritm_船长
Get over yourself
这里也 没有
Ghost
為了帝皇
Valdai
Sailor
小妖
0
0
Comments
sign in to comment!
No comments posted yet!